 Dungeon Crawl Stone Soup version 0.17.1-1-g73c8601 (webtiles) character file.

112 astax the Sneak (level 4, 0/22 HPs)
             Began as a Spriggan Assassin on Jan 8, 2016.
             Killed from afar by Ijyb (9 damage)
             ... with a wand of frost
             ... on level 2 of the Dungeon.
             The game lasted 00:10:55 (1950 turns).

astax the Sneak (Spriggan Assassin)                 Turns: 1950, Time: 00:10:55

Health: 0/22       AC:  1    Str:  7    XL:     4   Next: 63%
Magic:  5/5        EV: 17    Int: 12    God:
Gold:   43         SH:  0    Dex: 18    Spells: 0 memorised, 3 levels left

rFire  + . .     SeeInvis +     a - +3 dagger
rCold  . . .     Clarity  .     c - +0 robe
rNeg   . . .     SustAt   .     (shield restricted)
rPois  .         Gourm    .     (helmet restricted)
rElec  .         Spirit   .     d - +0 cloak
rCorr  .         Warding  .     (gloves unavailable)
rMut   .         Stasis   .     (boots unavailable)
MR     .....                    (no amulet)
Stlth  ++++......               n - -2 ring of protection (curse)
                                r - ring of protection from fire

@: very quick, not resistant to hostile enchantments, stealthy
A: unfitting armour, see invisible, herbivore 3, speed 3, slow metabolism 2
a: no special abilities


You were on level 2 of the Dungeon.
You were not hungry.

You visited 1 branch of the dungeon, and saw 2 of its levels.

You collected 43 gold pieces.

Inventory:

Hand Weapons
 a - a +3 dagger (weapon)
 b - a +0 blowgun
Missiles
 e - 8 poisoned needles
 f - 2 curare-tipped needles
 s - 20 stones (quivered)
Armour
 c - a +0 robe (worn)
 d - a +0 cloak (worn)
Jewellery
 j - an uncursed ring of flight
 n - a cursed -2 ring of protection (right hand)
 r - a ring of protection from fire (left hand)
Scrolls
 i - 2 scrolls of identify
 q - a scroll of enchant weapon
Potions
 h - a potion of curing {unknown}
 m - a potion of ambrosia {unknown}
 p - a potion of agility {unknown}
Comestibles
 g - 2 bread rations


   Skills:
 - Level 1.5 Fighting
 + Level 5.4 Short Blades
 - Level 2.0 Throwing
 - Level 1.5 Dodging
 - Level 5.8 Stealth


You had 3 spell levels left.
You didn't know any spells.

Dungeon Overview and Level Annotations

Branches:
Dungeon (2/15)

Altars:
Cheibriados

Annotations:
D:2 Ijyb


Innate Abilities, Weirdness & Mutations

You are tiny and cannot use many weapons and most armour.
You have supernaturally acute eyesight.
You are a herbivore.
You cover ground extremely quickly.
You need consume almost no food.


Message History

It is a wand of frost.
A goblin comes into view.
You barely miss the worm.
The worm is lightly wounded.
The goblin shouts!
You hit the worm.
The worm is moderately wounded.
Ijyb zaps a wand.
The puff of frost hits you! The giant newt barely misses you.
The worm closely misses you.
Things that are here:
a club; a hobgoblin corpse You hit the giant newt.
You kill the giant newt!
Things that are here:
a club; a giant newt corpse; a hobgoblin corpse You aren't carrying any items that can be evoked.
You hit Ijyb but do no damage. You barely miss Ijyb.
Ijyb zaps a wand.
The puff of frost hits you!
You barely miss Ijyb.
Ijyb zaps a wand.
The puff of frost hits you!
You die...

#.......>..... #####.
#............. ......
#............. #####.
#......w..## #...
#...w####..... ......
#....# .###. ......
##..g# ##.## ...)..
##.g###...##.#.......
#.†@..._...K......r.
###.##...###........
#.# #.## #........
#.###.# #......
#.....####.....
#####......#.#
#.###....#
#.##.....##
#...<..=..#


You could see Ijyb, a worm and a goblin.

Vanquished Creatures
  A scorpion (D:1)
  An adder (D:2)
  2 worms (D:2)
  2 giant geckos (D:2)
  10 bats
  6 goblins
  6 hobgoblins
  11 jackals
  2 kobolds (D:2)
  3 giant newts
  4 rats
48 creatures vanquished.

Notes
Turn   | Place    | Note
--------------------------------------------------------------
     0 | D:1      | astax the Spriggan Assassin began the quest for the Orb.
     0 | D:1      | Reached XP level 1. HP: 10/10 MP: 2/2
   158 | D:1      | Reached XP level 2. HP: 9/14 MP: 3/3
   922 | D:1      | Reached XP level 3. HP: 2/18 MP: 4/4
  1120 | D:1      | Noticed a scorpion
  1124 | D:1      | Killed a scorpion
  1124 | D:1      | Reached XP level 4. HP: 17/22 MP: 5/5
  1436 | D:2      | Reached skill level 5 in Short Blades
  1897 | D:2      | Found a snail-covered altar of Cheibriados.
  1927 | D:2      | Noticed Ijyb
  1950 | D:2      | Killed from afar by Ijyb

Action                   |  1- 3 |  4- 6 || total
-------------------------+-------+-------++-------
Melee: Dagger            |    81 |    88 ||   169
Throw: Stone             |       |     6 ||     6
  Use: Scroll            |     3 |     3 ||     6
 Stab: Sleeping          |     5 |     1 ||     6
       Distracted        |     1 |       ||     1
